Little Stars vs Punishers
Created - 29 mars 2017 at 23:25
Goals
|
| Little Stars |
4 |
0 |
2 |
6 |
| Punishers |
2 |
1 |
0 |
3 |
|
Shots
|
| Little Stars |
17 |
3 |
13 |
33 |
| Punishers |
10 |
9 |
12 |
31 |
|
1st period
1. Little Stars , Alex Chiasson 23 (Tyson Barrie) at 1:07
2. Punishers , Mike Sauer 8 (Tanner Glass, Mike Weber) at 2:41 (PP)
3. Little Stars , Hugh Jessiman 34 (Tyson Barrie) at 6:03
4. Little Stars , Alex Chiasson 24 (Sean Avery, Dana Tyrell) at 7:10
5. Little Stars , Marcus Johansson 38 (Alex Chiasson) at 12:09
6. Punishers , Ryan Malone 31 (Luke Adam) at 17:20
Penalties :
Conor Allen (Tex) for Holding (Minor) at 1:51, Tanner Glass (Pro) for Hooking (Minor) at 14:55, Luke Adam (Pro) for Roughing (Minor) at 17:49
2nd period
7. Punishers , Ryan Malone 32 (Frazer Mclaren) at 5:52
Penalties :
Hugh Jessiman (Tex) for Slashing (Minor) at 6:34, Alex Chiasson (Tex) for Holding (Minor) at 13:51, T.J. Tynan (Tex) for Hooking (Minor) at 16:28
3rd period
8. Little Stars , Sean Avery 40 (Niklas Hjalmarsson, Marcus Johansson) at 2:02
9. Little Stars , Marcus Johansson 39 (Hugh Jessiman, Yannick Weber) at 9:54
Penalties :
Andrej Nestrasil (Tex) for Roughing (Minor) at 1:45, Mike Sauer (Pro) for Hooking (Minor) at 1:49, Mathieu Roy (Tex) for Interference (Minor) at 10:43, Conor Allen (Tex) for Hooking (Minor) at 15:41
Goalie Stats
Peter Delmas (Tex), 28 saves from 31 shots - (0,903), W, 2-1-0, 60:00 minutes
Niklas Svedberg (Pro), 8 saves from 12 shots - (0,667), L, 12-11-1, 12:09 minutes
Kevin Poulin (Pro), 19 saves from 21 shots - (0,905), 47:51 minutes
Players Stats for Little Stars
Player Name G A P +/- PIM S H SB GA TA FO MP PP MP PK MP
------------------------------------------------------------------------------------
Alex Chiasson 2 1 3 2 2 3 2 1 1 0 0/1 19:24 2:08 2:27
Alexander Vasyunov 0 0 0 -1 0 1 2 0 0 0 0/0 9:11 0:00 1:47
Andrej Nestrasil 0 0 0 2 2 0 1 0 1 0 7/13 13:48 1:58 0:00
Conor Allen 0 0 0 2 4 0 1 0 0 0 0/0 11:34 0:00 0:49
Dana Tyrell 0 1 1 2 0 0 1 0 1 0 10/21 15:55 2:04 0:00
Hugh Jessiman 1 1 2 2 2 3 4 0 0 0 0/0 17:06 1:58 2:33
James Livingstone 0 0 0 -1 0 0 0 0 0 0 0/0 7:13 0:00 0:00
Jesper Fast 0 0 0 0 0 1 0 0 0 1 0/0 12:47 0:00 2:43
Jesse Joensuu 0 0 0 0 0 2 0 0 0 0 0/0 9:53 0:00 0:00
Marcus Johansson 2 1 3 3 0 6 1 1 1 0 0/0 20:39 1:54 5:43
Mathieu Roy 0 0 0 2 2 6 1 0 0 0 0/0 20:56 1:45 3:53
Niklas Hjalmarsson 0 1 1 0 0 2 4 0 1 0 0/0 27:37 2:17 6:06
Oscar Lindberg 0 0 0 -1 0 0 1 0 0 0 1/4 7:13 0:00 0:00
Raphael Diaz 0 0 0 0 0 4 6 1 0 1 0/0 27:37 2:17 6:06
Sean Avery 1 1 2 3 0 2 2 0 0 2 5/14 22:48 2:04 5:28
T.J. Tynan 0 0 0 0 2 0 3 1 0 0 2/7 10:59 0:00 0:57
Tyson Barrie 0 2 2 2 0 0 0 0 1 0 0/0 10:42 0:00 0:01
Yannick Weber 0 1 1 2 0 3 2 1 0 1 0/0 21:47 1:45 4:43
Players Stats for Punishers
Player Name G A P +/- PIM S H SB GA TA FO MP PP MP PK MP
------------------------------------------------------------------------------------
Adam McQuaid 0 0 0 -1 0 3 0 0 0 1 0/0 21:18 4:28 1:33
Alex Petrovic 0 0 0 -2 0 3 1 1 0 0 0/0 12:10 0:00 0:00
Boone Jenner 0 0 0 1 0 0 0 0 0 0 3/4 9:25 0:24 0:00
Casey Cizikas 0 0 0 -1 0 3 2 1 1 0 4/13 17:16 4:43 0:36
Frazer Mclaren 0 1 1 1 0 2 1 0 1 0 1/1 10:55 0:00 1:10
Luke Adam 0 1 1 0 2 4 1 1 0 1 19/27 19:57 5:31 0:13
Matt Mackenzie 0 0 0 -1 0 0 0 1 0 0 0/0 12:32 0:00 0:11
Michael Ferland 0 0 0 0 0 0 1 0 0 0 0/0 4:44 0:36 0:49
Miikka Salomaki 0 0 0 -1 0 2 1 0 0 0 0/0 16:24 4:38 0:00
Mike Blunden 0 0 0 0 0 1 2 0 0 0 0/1 19:06 5:26 0:00
Mike Sauer 1 0 1 -1 2 2 3 3 1 0 0/0 25:50 6:20 2:25
Mike Weber 0 1 1 -2 0 2 3 2 1 0 0/0 27:36 6:21 2:29
Philippe Paradis 0 0 0 0 0 0 0 0 0 1 0/0 7:52 1:12 0:00
Quinton Howden 0 0 0 -3 0 0 0 0 0 1 2/3 8:07 0:00 0:00
Radek Smolenak 0 0 0 -3 0 0 1 0 0 0 0/0 10:00 0:00 1:39
Ryan Malone 2 0 2 0 0 6 1 2 0 2 4/8 26:04 5:14 2:17
Simon Despres 0 0 0 -1 0 0 1 1 0 0 0/0 20:47 4:28 1:26
Tanner Glass 0 1 1 -5 2 3 0 0 1 0 2/3 23:57 4:43 1:20
3 Stars
1 - Marcus Johansson (Tex)
2 - Alex Chiasson (Tex)
3 - Sean Avery (Tex)
Power Play
Little Stars - 0 on 3 Attempt(s) - 0,00%
Punishers - 1 on 7 Attempt(s) - 14,29%
Penalty Kill
Little Stars - 6 on 7 Attempt(s) - 85,71%
- Score 0 goal in Penalty Kill
Punishers - 3 on 3 Attempt(s) - 100,00%
- Score 0 goal in Penalty Kill
Team Stat
Little Stars - Hits : 31 - Faceoff Wins : 25 - Blocked Shots : 5 - Penalty Minutes : 14
Punishers - Hits : 18 - Faceoff Wins : 35 - Blocked Shots : 12 - Penalty Minutes : 6
Official
Referees : Watson Brad and Martell Rob
Linesman : Mark Wheler and Derek Nansen
Game Notes
Kevin Poulin enters game at 12:09 of 1st period
Finance
Level 1 -- Attendance: 1544 (77,20%) -- Ticket Income 54 040 $
Level 2 -- Attendance: 801 (80,10%) -- Ticket Income 12 015 $
Total Attendance: 2345 (78,17%)
Total Ticket Income: 66 055 $
Other Income: 3 303 $
Total Income: 69 358 $
Little Stars
5 vs 5 Forward
Center Left Wing Right Wing Time % Phy DF OF
1 Dana Tyrell Sean Avery Alex Chiasson 40 1 2 2
2 Andrej Nestrasil Marcus Johansson Hugh Jessiman 30 1 2 2
3 T.J. Tynan Jesse Joensuu Jesper Fast 20 1 2 2
4 Oscar Lindberg Alexander Vasyunov James Livingstone 10 1 2 2
5 vs 5 Defense
Defense Defense Time % Phy DF OF
1 Niklas Hjalmarsson Raphael Diaz 40 1 2 2
2 Mathieu Roy Yannick Weber 30 1 2 2
3 Tyson Barrie Conor Allen 20 1 2 2
4 Niklas Hjalmarsson Raphael Diaz 10 1 2 2
PowerPlay Forward
Center Left Wing Right Wing Time % Phy DF OF
1 Dana Tyrell Sean Avery Alex Chiasson 60 1 2 2
2 Andrej Nestrasil Marcus Johansson Hugh Jessiman 40 1 2 2
PowerPlay Defense
Defense Defense Time % Phy DF OF
1 Niklas Hjalmarsson Raphael Diaz 60 1 2 2
2 Mathieu Roy Yannick Weber 40 1 2 2
Penalty Kill 4 Players Forward
Center Wing Time % Phy DF OF
1 Sean Avery Marcus Johansson 60 1 2 2
2 Alex Chiasson Hugh Jessiman 40 1 2 2
Penalty Kill 4 Players Defense
Defense Defense Time % Phy DF OF
1 Niklas Hjalmarsson Raphael Diaz 60 1 2 2
2 Mathieu Roy Yannick Weber 40 1 2 2
Penalty Kill - 3 Players Forward
Forward Time % Phy DF OF
1 Sean Avery 60 1 2 2
2 Marcus Johansson 40 1 2 2
Penalty Kill - 3 Players Defense
Defense Defense Time % Phy DF OF
1 Niklas Hjalmarsson Raphael Diaz 60 1 2 2
2 Mathieu Roy Yannick Weber 40 1 2 2
4 vs 4 Forward
Center Wing Time % Phy DF OF
1 Sean Avery Marcus Johansson 60 1 2 2
2 Alex Chiasson Hugh Jessiman 40 1 2 2
4 vs 4 Defense
Defense Defense Time % Phy DF OF
1 Niklas Hjalmarsson Raphael Diaz 60 1 2 2
2 Mathieu Roy Yannick Weber 40 1 2 2
Last Minutes Offensive
Center Left Wing Right Wing Defense Defense
Dana Tyrell Sean Avery Alex Chiasson Niklas Hjalmarsson Raphael Diaz
Last Minutes Defensive
Center Left Wing Right Wing Defense Defense
Dana Tyrell Sean Avery Alex Chiasson Niklas Hjalmarsson Raphael Diaz
Goaltenders
Starting : Peter Delmas
Backup : Peter Budaj
Extra Forwards
Normal : Jesse Joensuu, Alexander Vasyunov, Jesper Fast - PP : Jesse Joensuu, Alexander Vasyunov - PK : Jesper Fast
Extra Defensemen
Normal : Tyson Barrie, Conor Allen, Mathieu Roy - PP : Tyson Barrie - PK : Conor Allen, Mathieu Roy
Penalty Shots
Sean Avery, Marcus Johansson, Alex Chiasson, Hugh Jessiman, Dana Tyrell
Punishers
5 vs 5 Forward
Center Left Wing Right Wing Time % Phy DF OF
1 Luke Adam Ryan Malone Mike Blunden 40 1 2 2
2 Casey Cizikas Tanner Glass Miikka Salomaki 30 1 2 2
3 Boone Jenner Frazer Mclaren Ryan Malone 20 1 2 2
4 Quinton Howden Radek Smolenak Tanner Glass 10 1 2 2
5 vs 5 Defense
Defense Defense Time % Phy DF OF
1 Mike Weber Mike Sauer 40 1 2 2
2 Adam McQuaid Simon Despres 30 1 2 2
3 Alex Petrovic Matt Mackenzie 20 1 2 2
4 Mike Weber Mike Sauer 10 1 2 2
PowerPlay Forward
Center Left Wing Right Wing Time % Phy DF OF
1 Luke Adam Ryan Malone Mike Blunden 60 1 2 2
2 Casey Cizikas Tanner Glass Miikka Salomaki 40 1 2 2
PowerPlay Defense
Defense Defense Time % Phy DF OF
1 Mike Weber Mike Sauer 60 1 2 2
2 Adam McQuaid Simon Despres 40 1 2 2
Penalty Kill 4 Players Forward
Center Wing Time % Phy DF OF
1 Ryan Malone Tanner Glass 60 1 2 2
2 Frazer Mclaren Luke Adam 40 1 2 2
Penalty Kill 4 Players Defense
Defense Defense Time % Phy DF OF
1 Mike Weber Mike Sauer 60 1 2 2
2 Adam McQuaid Simon Despres 40 1 2 2
Penalty Kill - 3 Players Forward
Forward Time % Phy DF OF
1 Ryan Malone 60 1 2 2
2 Tanner Glass 40 1 2 2
Penalty Kill - 3 Players Defense
Defense Defense Time % Phy DF OF
1 Mike Weber Mike Sauer 60 1 2 2
2 Adam McQuaid Simon Despres 40 1 2 2
4 vs 4 Forward
Center Wing Time % Phy DF OF
1 Ryan Malone Tanner Glass 60 1 2 2
2 Frazer Mclaren Luke Adam 40 1 2 2
4 vs 4 Defense
Defense Defense Time % Phy DF OF
1 Mike Weber Mike Sauer 60 1 2 2
2 Adam McQuaid Simon Despres 40 1 2 2
Last Minutes Offensive
Center Left Wing Right Wing Defense Defense
Luke Adam Ryan Malone Mike Blunden Mike Weber Mike Sauer
Last Minutes Defensive
Center Left Wing Right Wing Defense Defense
Luke Adam Ryan Malone Mike Blunden Mike Weber Mike Sauer
Goaltenders
Starting : Niklas Svedberg
Backup : Kevin Poulin
Extra Forwards
Normal : Philippe Paradis, Michael Ferland, Radek Smolenak - PP : Philippe Paradis, Michael Ferland - PK : Radek Smolenak
Extra Defensemen
Normal : Alex Petrovic, Matt Mackenzie, Adam McQuaid - PP : Alex Petrovic - PK : Matt Mackenzie, Adam McQuaid
Penalty Shots
Ryan Malone, Tanner Glass, Frazer Mclaren, Luke Adam, Casey Cizikas
% Time on Ice - Little Stars
Lines # - Real PCT - Wanted PCT - Time Play
Normal Forward
1 - 32% - 40% - 14:02
2 - 28% - 30% - 12:06
3 - 23% - 20% - 9:53
4 - 17% - 10% - 7:13
Normal Defense
1 - 39% - 40% - 16:53
2 - 34% - 30% - 14:43
3 - 25% - 20% - 10:36
4 - 2% - 10% - 1:02
PP Forward
1 - 51% - 60% - 2:04
2 - 49% - 40% - 1:58
PP Defense
1 - 57% - 60% - 2:17
2 - 43% - 40% - 1:45
PK Forward
1 - 71% - 60% - 7:44
2 - 29% - 40% - 3:05
PK Defense
1 - 56% - 60% - 6:06
2 - 44% - 40% - 4:43
PK3 Forward
1 - 0% - 60%
2 - 0% - 40%
PK3 Defense
1 - 0% - 60%
2 - 0% - 40%
44 Forward
1 - 74% - 60% - 1:25
2 - 26% - 40% - 0:30
44 Defense
1 - 69% - 60% - 1:19
2 - 31% - 40% - 0:36
Last Minute Offensive - 0:00
Last Minute Defensive - 0:00
Total
Forward - 60:00
Defense - 60:00
|
% Time on Ice - Punishers
Lines # - Real PCT - Wanted PCT - Time Play
Normal Forward
1 - 34% - 40% - 14:36
2 - 27% - 30% - 11:44
3 - 20% - 20% - 8:47
4 - 19% - 10% - 8:07
Normal Defense
1 - 39% - 40% - 16:48
2 - 34% - 30% - 14:39
3 - 26% - 20% - 11:06
4 - 2% - 10% - 0:41
PP Forward
1 - 56% - 60% - 6:06
2 - 44% - 40% - 4:43
PP Defense
1 - 59% - 60% - 6:21
2 - 41% - 40% - 4:28
PK Forward
1 - 77% - 60% - 3:06
2 - 23% - 40% - 0:56
PK Defense
1 - 64% - 60% - 2:36
2 - 36% - 40% - 1:26
PK3 Forward
1 - 0% - 60%
2 - 0% - 40%
PK3 Defense
1 - 0% - 60%
2 - 0% - 40%
44 Forward
1 - 80% - 60% - 1:32
2 - 20% - 40% - 0:23
44 Defense
1 - 88% - 60% - 1:41
2 - 12% - 40% - 0:14
Last Minute Offensive - 0:00
Last Minute Defensive - 0:00
Total
Forward - 60:00
Defense - 60:00
|
Play by Play
1st period
0:01 of 1st period - Luke Adam wins face-off versus Dana Tyrell in neutral zone.
0:10 of 1st period - Wrist shot by Ryan Malone.
0:10 of 1st period - Shot Misses the Net.
0:12 of 1st period - Snap shot by Mike Blunden.
0:12 of 1st period - Shot Blocked by Alex Chiasson.
0:14 of 1st period - Wrist shot by Luke Adam.
0:14 of 1st period - Deflect By Ryan Malone.
0:14 of 1st period - Shot Hit the Post.
0:14 of 1st period - Puck is out of play.
0:15 of 1st period - Casey Cizikas wins face-off versus Andrej Nestrasil in Little Stars zone.
0:42 of 1st period - Frazer Mclaren is hit by T.J. Tynan and loses puck.
1:01 of 1st period - Snap shot by Alex Chiasson.
1:01 of 1st period - Stopped by Niklas Svedberg without a rebound.
1:02 of 1st period - Quinton Howden wins face-off versus Dana Tyrell in Punishers zone.
1:07 of 1st period - Wrist shot by Alex Chiasson.
1:07 of 1st period - Goal by Alex Chiasson - Little Stars : 1 - Punishers : 0.
1:08 of 1st period - Luke Adam wins face-off versus Oscar Lindberg in neutral zone.
1:34 of 1st period - Sean Avery is hit by Mike Sauer and loses puck.
1:51 of 1st period - Minor Penalty to Conor Allen for Holding.
1:52 of 1st period - Luke Adam wins face-off versus Sean Avery in Little Stars zone.
1:57 of 1st period - Wrist shot by Luke Adam.
1:57 of 1st period - Shot Blocked by Raphael Diaz.
2:05 of 1st period - Mike Sauer is hit by Raphael Diaz.
2:19 of 1st period - Mike Sauer is hit by Hugh Jessiman and loses puck.
2:34 of 1st period - Sean Avery is hit by Mike Sauer and loses puck.
2:39 of 1st period - Snap shot by Tanner Glass.
2:39 of 1st period - Shot Misses the Net.
2:41 of 1st period - Snap shot by Mike Sauer.
2:41 of 1st period - Goal by Mike Sauer - Little Stars : 1 - Punishers : 1.
2:42 of 1st period - Andrej Nestrasil wins face-off versus Luke Adam in neutral zone.
2:49 of 1st period - Slapshot by Marcus Johansson.
2:49 of 1st period - Shot Misses the Net.
2:53 of 1st period - Slapshot by Marcus Johansson.
2:53 of 1st period - Stopped by Niklas Svedberg without a rebound.
2:54 of 1st period - Luke Adam wins face-off versus Dana Tyrell in Punishers zone.
2:59 of 1st period - Raphael Diaz is hit by Mike Weber and loses puck.
3:06 of 1st period - Slapshot by Mike Blunden.
3:06 of 1st period - Stopped by Peter Delmas without a rebound.
3:07 of 1st period - Casey Cizikas wins face-off versus T.J. Tynan in Little Stars zone.
3:32 of 1st period - Raphael Diaz is hit by Mike Weber.
4:21 of 1st period - Slapshot by Niklas Hjalmarsson.
4:21 of 1st period - Stopped by Niklas Svedberg without a rebound.
4:22 of 1st period - Boone Jenner wins face-off versus Dana Tyrell in Punishers zone.
4:31 of 1st period - Snap shot by Sean Avery.
4:31 of 1st period - Shot Blocked by Ryan Malone.
4:47 of 1st period - Raphael Diaz is hit by Mike Blunden and loses puck.
5:30 of 1st period - Alex Petrovic is hit by Yannick Weber and loses puck.
6:03 of 1st period - Snap shot by Hugh Jessiman.
6:03 of 1st period - Goal by Hugh Jessiman - Little Stars : 2 - Punishers : 1.
6:04 of 1st period - Dana Tyrell wins face-off versus Casey Cizikas in neutral zone.
6:29 of 1st period - Niklas Hjalmarsson is hit by Mike Weber and loses puck.
7:00 of 1st period - Wrist shot by Mathieu Roy.
7:00 of 1st period - Stopped by Niklas Svedberg without a rebound.
7:01 of 1st period - Dana Tyrell wins face-off versus Casey Cizikas in Punishers zone.
7:08 of 1st period - Slapshot by Alex Chiasson.
7:08 of 1st period - Shot Misses the Net.
7:10 of 1st period - Snap shot by Alex Chiasson.
7:10 of 1st period - Goal by Alex Chiasson - Little Stars : 3 - Punishers : 1.
7:11 of 1st period - Dana Tyrell wins face-off versus Luke Adam in neutral zone.
7:14 of 1st period - Luke Adam is hit by Raphael Diaz and loses puck.
7:25 of 1st period - Wrist shot by Ryan Malone.
7:25 of 1st period - Shot Misses the Net.
9:19 of 1st period - Slapshot by Boone Jenner.
9:19 of 1st period - Shot Misses the Net.
9:33 of 1st period - Slapshot by Jesse Joensuu.
9:33 of 1st period - Stopped by Niklas Svedberg with a rebound.
9:35 of 1st period - Snap shot by James Livingstone.
9:35 of 1st period - Shot Misses the Net.
9:37 of 1st period - Slapshot by Raphael Diaz.
9:37 of 1st period - Stopped by Niklas Svedberg without a rebound.
9:38 of 1st period - Ryan Malone wins face-off versus Oscar Lindberg in Punishers zone.
9:51 of 1st period - Slapshot by Raphael Diaz.
9:51 of 1st period - Shot Blocked by Luke Adam.
9:53 of 1st period - Slapshot by Niklas Hjalmarsson.
9:53 of 1st period - Stopped by Niklas Svedberg with a rebound.
10:05 of 1st period - Tanner Glass is hit by Sean Avery and loses puck.
10:10 of 1st period - Wrist shot by Sean Avery.
10:10 of 1st period - Shot Blocked by Mike Sauer.
10:12 of 1st period - Wrist shot by Sean Avery.
10:12 of 1st period - Stopped by Niklas Svedberg with a rebound.
11:25 of 1st period - Wrist shot by Miikka Salomaki.
11:25 of 1st period - Stopped by Peter Delmas without a rebound.
11:26 of 1st period - Oscar Lindberg wins face-off versus Casey Cizikas in Little Stars zone.
11:26 of 1st period - Oscar Lindberg is hit by Alex Petrovic.
11:52 of 1st period - Luke Adam is hit by Raphael Diaz and loses puck.
12:09 of 1st period - Snap shot by Marcus Johansson.
12:09 of 1st period - Goal by Marcus Johansson - Little Stars : 4 - Punishers : 1.
12:09 of 1st period - Kevin Poulin enters game.
12:10 of 1st period - Dana Tyrell wins face-off versus Luke Adam in neutral zone.
12:37 of 1st period - Miikka Salomaki is hit by Hugh Jessiman and loses puck.
12:48 of 1st period - Snap shot by Hugh Jessiman.
12:48 of 1st period - Shot Blocked by Mike Sauer.
13:38 of 1st period - Wrist shot by Alexander Vasyunov.
13:38 of 1st period - Stopped by Kevin Poulin with a rebound.
13:40 of 1st period - Slapshot by Sean Avery.
13:40 of 1st period - Shot Blocked by Alex Petrovic.
14:03 of 1st period - Tanner Glass is hit by Raphael Diaz.
14:22 of 1st period - Icing by Marcus Johansson.
14:23 of 1st period - Luke Adam wins face-off versus Andrej Nestrasil in Little Stars zone.
14:42 of 1st period - Wrist shot by Marcus Johansson.
14:42 of 1st period - Shot Misses the Net.
14:44 of 1st period - Slapshot by Raphael Diaz.
14:44 of 1st period - Shot Blocked by Mike Sauer.
14:50 of 1st period - Wrist shot by Marcus Johansson.
14:50 of 1st period - Deflect By Hugh Jessiman.
14:50 of 1st period - Shot Blocked by Ryan Malone.
14:50 of 1st period - Puck is out of play.
14:51 of 1st period - Sean Avery wins face-off versus Casey Cizikas in Punishers zone.
14:55 of 1st period - Minor Penalty to Tanner Glass for Hooking.
14:56 of 1st period - Ryan Malone wins face-off versus Dana Tyrell in Punishers zone.
16:55 of 1st period - Penalty to Tanner Glass is over, Tanner Glass is back on ice.
16:57 of 1st period - Snap shot by Tanner Glass.
16:57 of 1st period - Shot Blocked by T.J. Tynan.
17:03 of 1st period - Adam McQuaid is hit by Mathieu Roy and loses puck.
17:18 of 1st period - Wrist shot by Frazer Mclaren.
17:18 of 1st period - Stopped by Peter Delmas without a rebound.
17:19 of 1st period - Luke Adam wins face-off versus Oscar Lindberg in Little Stars zone.
17:20 of 1st period - Snap shot by Ryan Malone.
17:20 of 1st period - Goal by Ryan Malone - Little Stars : 4 - Punishers : 2.
17:21 of 1st period - Luke Adam wins face-off versus Sean Avery in neutral zone.
17:30 of 1st period - Wrist shot by Ryan Malone.
17:30 of 1st period - Stopped by Peter Delmas without a rebound.
17:31 of 1st period - Luke Adam wins face-off versus Alex Chiasson in Little Stars zone.
17:32 of 1st period - Wrist shot by Ryan Malone.
17:32 of 1st period - Shot Misses the Net.
17:49 of 1st period - Minor Penalty to Luke Adam for Roughing.
17:50 of 1st period - Dana Tyrell wins face-off versus Ryan Malone in Punishers zone.
18:20 of 1st period - Slapshot by Raphael Diaz.
18:20 of 1st period - Stopped by Kevin Poulin with a rebound.
18:28 of 1st period - Wrist shot by Frazer Mclaren.
18:28 of 1st period - Stopped by Peter Delmas without a rebound.
18:29 of 1st period - Tanner Glass wins face-off versus Andrej Nestrasil in Little Stars zone.
18:38 of 1st period - Snap shot by Tanner Glass.
18:38 of 1st period - Stopped by Peter Delmas with a rebound.
18:40 of 1st period - Snap shot by Adam McQuaid.
18:40 of 1st period - Stopped by Peter Delmas with a rebound.
18:42 of 1st period - Slapshot by Adam McQuaid.
18:42 of 1st period - Stopped by Peter Delmas without a rebound.
18:43 of 1st period - Dana Tyrell wins face-off versus Ryan Malone in Little Stars zone.
19:18 of 1st period - Snap shot by Andrej Nestrasil.
19:18 of 1st period - Deflect By Marcus Johansson.
19:18 of 1st period - Shot Misses the Net.
19:18 of 1st period - Puck is out of play.
19:19 of 1st period - Ryan Malone wins face-off versus Dana Tyrell in Punishers zone.
19:49 of 1st period - Penalty to Luke Adam is over, Luke Adam is back on ice.
19:50 of 1st period - Slapshot by Hugh Jessiman.
19:50 of 1st period - Stopped by Kevin Poulin with a rebound.
19:52 of 1st period - Slapshot by Mathieu Roy.
19:52 of 1st period - Stopped by Kevin Poulin with a rebound.
19:54 of 1st period - Snap shot by Yannick Weber.
19:54 of 1st period - Stopped by Kevin Poulin with a rebound.
Goals for this period are 4 for Little Stars vs 2 for Punishers.
Shots for this period are 17 for Little Stars vs 10 for Punishers.
2nd period
0:01 of 2nd period - Luke Adam wins face-off versus Dana Tyrell in neutral zone.
0:17 of 2nd period - Off-side.
0:18 of 2nd period - Andrej Nestrasil wins face-off versus Casey Cizikas in neutral zone.
0:20 of 2nd period - Off-side.
0:21 of 2nd period - Andrej Nestrasil wins face-off versus Casey Cizikas in neutral zone.
0:24 of 2nd period - Miikka Salomaki is hit by Niklas Hjalmarsson and loses puck.
1:28 of 2nd period - Niklas Hjalmarsson is hit by Radek Smolenak and loses puck.
2:11 of 2nd period - Wrist shot by Alex Chiasson.
2:11 of 2nd period - Shot Misses the Net.
2:13 of 2nd period - Slapshot by Yannick Weber.
2:13 of 2nd period - Shot Misses the Net.
2:15 of 2nd period - Wrist shot by Dana Tyrell.
2:15 of 2nd period - Shot Misses the Net.
3:18 of 2nd period - Mike Blunden is hit by Dana Tyrell and loses puck.
3:30 of 2nd period - Raphael Diaz is hit by Mike Sauer and loses puck.
3:35 of 2nd period - Ryan Malone is hit by T.J. Tynan and loses puck.
4:22 of 2nd period - Mike Blunden is hit by Hugh Jessiman and loses puck.
5:08 of 2nd period - Slapshot by Luke Adam.
5:08 of 2nd period - Stopped by Peter Delmas without a rebound.
5:09 of 2nd period - Dana Tyrell wins face-off versus Ryan Malone in Little Stars zone.
5:22 of 2nd period - Snap shot by Ryan Malone.
5:22 of 2nd period - Shot Misses the Net.
5:24 of 2nd period - Slapshot by Adam McQuaid.
5:24 of 2nd period - Stopped by Peter Delmas without a rebound.
5:25 of 2nd period - Casey Cizikas wins face-off versus Andrej Nestrasil in Little Stars zone.
5:34 of 2nd period - Wrist shot by Casey Cizikas.
5:34 of 2nd period - Shot Misses the Net.
5:36 of 2nd period - Slapshot by Mike Sauer.
5:36 of 2nd period - Shot Misses the Net.
5:40 of 2nd period - Backhand shot by Tanner Glass.
5:40 of 2nd period - Deflect By Casey Cizikas.
5:40 of 2nd period - Stopped by Peter Delmas with a rebound.
5:50 of 2nd period - Snap shot by Ryan Malone.
5:50 of 2nd period - Shot Misses the Net.
5:52 of 2nd period - Wrist shot by Ryan Malone.
5:52 of 2nd period - Goal by Ryan Malone - Little Stars : 4 - Punishers : 3.
5:53 of 2nd period - Luke Adam wins face-off versus Dana Tyrell in neutral zone.
6:04 of 2nd period - Wrist shot by Ryan Malone.
6:04 of 2nd period - Stopped by Peter Delmas with a rebound.
6:06 of 2nd period - Snap shot by Luke Adam.
6:06 of 2nd period - Shot Misses the Net.
6:08 of 2nd period - Slapshot by Mike Sauer.
6:08 of 2nd period - Stopped by Peter Delmas with a rebound.
6:18 of 2nd period - Tanner Glass is hit by Niklas Hjalmarsson and loses puck.
6:28 of 2nd period - Slapshot by Tanner Glass.
6:28 of 2nd period - Stopped by Peter Delmas with a rebound.
6:34 of 2nd period - Minor Penalty to Hugh Jessiman for Slashing.
6:35 of 2nd period - Luke Adam wins face-off versus Sean Avery in Little Stars zone.
6:38 of 2nd period - Slapshot by Ryan Malone.
6:38 of 2nd period - Shot Blocked by Marcus Johansson.
6:40 of 2nd period - Slapshot by Ryan Malone.
6:40 of 2nd period - Deflect By Sean Avery.
6:40 of 2nd period - Shot Misses the Net.
6:40 of 2nd period - Puck is out of play.
6:41 of 2nd period - Sean Avery wins face-off versus Mike Blunden in Little Stars zone.
8:34 of 2nd period - Penalty to Hugh Jessiman is over, Hugh Jessiman is back on ice.
10:16 of 2nd period - Quinton Howden is hit by Conor Allen and loses puck.
10:47 of 2nd period - Slapshot by Raphael Diaz.
10:47 of 2nd period - Stopped by Kevin Poulin with a rebound.
12:08 of 2nd period - Conor Allen is hit by Michael Ferland and loses puck.
12:25 of 2nd period - Wrist shot by Jesper Fast.
12:25 of 2nd period - Shot Misses the Net.
12:55 of 2nd period - Mike Weber is hit by Niklas Hjalmarsson and loses puck.
13:10 of 2nd period - Tanner Glass is hit by Oscar Lindberg.
13:51 of 2nd period - Minor Penalty to Alex Chiasson for Holding.
13:52 of 2nd period - Sean Avery wins face-off versus Luke Adam in Little Stars zone.
14:05 of 2nd period - Slapshot by Mike Weber.
14:05 of 2nd period - Stopped by Peter Delmas with a rebound.
15:51 of 2nd period - Penalty to Alex Chiasson is over, Alex Chiasson is back on ice.
16:01 of 2nd period - Slapshot by Niklas Hjalmarsson.
16:01 of 2nd period - Deflect By Oscar Lindberg.
16:01 of 2nd period - Shot Misses the Net.
16:01 of 2nd period - Puck is out of play.
16:02 of 2nd period - T.J. Tynan wins face-off versus Boone Jenner in Punishers zone.
16:07 of 2nd period - Snap shot by Jesper Fast.
16:07 of 2nd period - Stopped by Kevin Poulin without a rebound.
16:08 of 2nd period - T.J. Tynan wins face-off versus Tanner Glass in Punishers zone.
16:28 of 2nd period - Minor Penalty to T.J. Tynan for Hooking.
16:29 of 2nd period - Luke Adam wins face-off versus Sean Avery in Little Stars zone.
16:29 of 2nd period - Snap shot by Ryan Malone.
16:29 of 2nd period - Shot Misses the Net.
16:41 of 2nd period - Snap shot by Sean Avery.
16:41 of 2nd period - Shot Misses the Net.
16:43 of 2nd period - Slapshot by Raphael Diaz.
16:43 of 2nd period - Stopped by Kevin Poulin with a rebound.
17:03 of 2nd period - Slapshot by Mike Weber.
17:03 of 2nd period - Stopped by Peter Delmas with a rebound.
17:17 of 2nd period - Snap shot by Mike Sauer.
17:17 of 2nd period - Shot Blocked by Yannick Weber.
17:33 of 2nd period - Tanner Glass is hit by Yannick Weber and loses puck.
18:28 of 2nd period - Penalty to T.J. Tynan is over, T.J. Tynan is back on ice.
19:40 of 2nd period - Mike Blunden is hit by Alex Chiasson and loses puck.
Goals for this period are 0 for Little Stars vs 1 for Punishers.
Shots for this period are 3 for Little Stars vs 9 for Punishers.
3rd period
0:01 of 3rd period - Luke Adam wins face-off versus Dana Tyrell in neutral zone.
0:08 of 3rd period - Wrist shot by Ryan Malone.
0:08 of 3rd period - Stopped by Peter Delmas with a rebound.
0:26 of 3rd period - Casey Cizikas is hit by Andrej Nestrasil and loses puck.
0:33 of 3rd period - Wrist shot by Marcus Johansson.
0:33 of 3rd period - Stopped by Kevin Poulin with a rebound.
0:35 of 3rd period - Wrist shot by Mathieu Roy.
0:35 of 3rd period - Stopped by Kevin Poulin without a rebound.
0:36 of 3rd period - Dana Tyrell wins face-off versus Luke Adam in Punishers zone.
0:47 of 3rd period - Yannick Weber is hit by Simon Despres and loses puck.
1:04 of 3rd period - Snap shot by Yannick Weber.
1:04 of 3rd period - Stopped by Kevin Poulin without a rebound.
1:05 of 3rd period - Luke Adam wins face-off versus T.J. Tynan in Punishers zone.
1:16 of 3rd period - Snap shot by Ryan Malone.
1:16 of 3rd period - Stopped by Peter Delmas with a rebound.
1:22 of 3rd period - Jesse Joensuu is hit by Luke Adam.
1:34 of 3rd period - Icing by Miikka Salomaki.
1:35 of 3rd period - Andrej Nestrasil wins face-off versus Casey Cizikas in Punishers zone.
1:45 of 3rd period - Minor Penalty to Andrej Nestrasil for Roughing.
1:46 of 3rd period - Luke Adam wins face-off versus Sean Avery in Little Stars zone.
1:49 of 3rd period - Minor Penalty to Mike Sauer for Hooking.
1:50 of 3rd period - Sean Avery wins face-off versus Ryan Malone in Punishers zone.
1:58 of 3rd period - Wrist shot by Sean Avery.
1:58 of 3rd period - Shot Blocked by Mike Weber.
2:00 of 3rd period - Slapshot by Niklas Hjalmarsson.
2:00 of 3rd period - Shot Misses the Net.
2:02 of 3rd period - Wrist shot by Sean Avery.
2:02 of 3rd period - Goal by Sean Avery - Little Stars : 5 - Punishers : 3.
2:03 of 3rd period - Ryan Malone wins face-off versus Sean Avery in neutral zone.
2:06 of 3rd period - Slapshot by Mike Weber.
2:06 of 3rd period - Shot Misses the Net.
2:08 of 3rd period - Snap shot by Alex Petrovic.
2:08 of 3rd period - Stopped by Peter Delmas with a rebound.
2:10 of 3rd period - Slapshot by Tanner Glass.
2:10 of 3rd period - Stopped by Peter Delmas with a rebound.
2:12 of 3rd period - Slapshot by Alex Petrovic.
2:12 of 3rd period - Deflect By Marcus Johansson.
2:12 of 3rd period - Stopped by Peter Delmas with a rebound.
2:14 of 3rd period - Snap shot by Tanner Glass.
2:14 of 3rd period - Shot Misses the Net.
2:16 of 3rd period - Slapshot by Alex Petrovic.
2:16 of 3rd period - Stopped by Peter Delmas without a rebound.
2:17 of 3rd period - Tanner Glass wins face-off versus Sean Avery in Little Stars zone.
2:18 of 3rd period - Slapshot by Ryan Malone.
2:18 of 3rd period - Shot Misses the Net.
3:10 of 3rd period - Icing by Frazer Mclaren.
3:11 of 3rd period - Frazer Mclaren wins face-off versus Sean Avery in Punishers zone.
3:34 of 3rd period - Matt Mackenzie is hit by Raphael Diaz and loses puck.
3:45 of 3rd period - Penalty to Andrej Nestrasil is over, Andrej Nestrasil is back on ice.
3:49 of 3rd period - Penalty to Mike Sauer is over, Mike Sauer is back on ice.
4:02 of 3rd period - Wrist shot by Tanner Glass.
4:02 of 3rd period - Deflect By Mike Sauer.
4:02 of 3rd period - Shot Misses the Net.
4:02 of 3rd period - Puck is out of play.
4:03 of 3rd period - Luke Adam wins face-off versus T.J. Tynan in Little Stars zone.
4:28 of 3rd period - Simon Despres is hit by Raphael Diaz and loses puck.
4:33 of 3rd period - Wrist shot by Yannick Weber.
4:33 of 3rd period - Shot Misses the Net.
4:57 of 3rd period - Boone Jenner is hit by Sean Avery and loses puck.
5:02 of 3rd period - Snap shot by Dana Tyrell.
5:02 of 3rd period - Shot Misses the Net.
5:11 of 3rd period - Off-side.
5:12 of 3rd period - Andrej Nestrasil wins face-off versus Quinton Howden in neutral zone.
5:17 of 3rd period - Mike Weber is hit by Marcus Johansson and loses puck.
5:51 of 3rd period - Snap shot by Casey Cizikas.
5:51 of 3rd period - Stopped by Peter Delmas without a rebound.
5:52 of 3rd period - Andrej Nestrasil wins face-off versus Casey Cizikas in Little Stars zone.
5:52 of 3rd period - Andrej Nestrasil is hit by Miikka Salomaki.
5:59 of 3rd period - Yannick Weber is hit by Casey Cizikas and loses puck.
6:02 of 3rd period - Slapshot by Yannick Weber.
6:02 of 3rd period - Stopped by Kevin Poulin with a rebound.
6:04 of 3rd period - Snap shot by Andrej Nestrasil.
6:04 of 3rd period - Shot Blocked by Simon Despres.
6:08 of 3rd period - Wrist shot by Marcus Johansson.
6:08 of 3rd period - Stopped by Kevin Poulin without a rebound.
6:09 of 3rd period - Luke Adam wins face-off versus Dana Tyrell in Punishers zone.
7:02 of 3rd period - Wrist shot by Mathieu Roy.
7:02 of 3rd period - Stopped by Kevin Poulin with a rebound.
7:04 of 3rd period - Wrist shot by Jesse Joensuu.
7:04 of 3rd period - Shot Misses the Net.
7:06 of 3rd period - Slapshot by Yannick Weber.
7:06 of 3rd period - Shot Misses the Net.
7:08 of 3rd period - Wrist shot by Jesper Fast.
7:08 of 3rd period - Shot Blocked by Mike Weber.
7:18 of 3rd period - Radek Smolenak is hit by Alexander Vasyunov and loses puck.
8:27 of 3rd period - Slapshot by Jesse Joensuu.
8:27 of 3rd period - Stopped by Kevin Poulin without a rebound.
8:28 of 3rd period - Dana Tyrell wins face-off versus Luke Adam in Punishers zone.
8:35 of 3rd period - Slapshot by Mike Blunden.
8:35 of 3rd period - Shot Misses the Net.
8:37 of 3rd period - Snap shot by Luke Adam.
8:37 of 3rd period - Stopped by Peter Delmas without a rebound.
8:38 of 3rd period - Dana Tyrell wins face-off versus Luke Adam in Little Stars zone.
8:53 of 3rd period - Snap shot by Luke Adam.
8:53 of 3rd period - Stopped by Peter Delmas without a rebound.
8:54 of 3rd period - Andrej Nestrasil wins face-off versus Casey Cizikas in Little Stars zone.
9:09 of 3rd period - Wrist shot by Mike Weber.
9:09 of 3rd period - Deflect By Miikka Salomaki.
9:09 of 3rd period - Stopped by Peter Delmas with a rebound.
9:46 of 3rd period - Wrist shot by Jesse Joensuu.
9:46 of 3rd period - Deflect By Jesper Fast.
9:46 of 3rd period - Shot Misses the Net.
9:46 of 3rd period - Puck is out of play.
9:47 of 3rd period - Quinton Howden wins face-off versus Andrej Nestrasil in Punishers zone.
9:54 of 3rd period - Wrist shot by Marcus Johansson.
9:54 of 3rd period - Goal by Marcus Johansson - Little Stars : 6 - Punishers : 3.
9:55 of 3rd period - Luke Adam wins face-off versus Dana Tyrell in neutral zone.
9:58 of 3rd period - Alex Chiasson is hit by Ryan Malone and loses puck.
10:26 of 3rd period - Snap shot by Casey Cizikas.
10:26 of 3rd period - Stopped by Peter Delmas without a rebound.
10:27 of 3rd period - Casey Cizikas wins face-off versus Andrej Nestrasil in Little Stars zone.
10:39 of 3rd period - Slapshot by Mathieu Roy.
10:39 of 3rd period - Stopped by Kevin Poulin with a rebound.
10:41 of 3rd period - Backhand shot by Marcus Johansson.
10:41 of 3rd period - Shot Blocked by Casey Cizikas.
10:43 of 3rd period - Slapshot by Marcus Johansson.
10:43 of 3rd period - Stopped by Kevin Poulin without a rebound.
10:43 of 3rd period - Minor Penalty to Mathieu Roy for Interference.
10:44 of 3rd period - Luke Adam wins face-off versus Sean Avery in Little Stars zone.
11:09 of 3rd period - Sean Avery is hit by Casey Cizikas and loses puck.
12:43 of 3rd period - Penalty to Mathieu Roy is over, Mathieu Roy is back on ice.
12:47 of 3rd period - Wrist shot by Hugh Jessiman.
12:47 of 3rd period - Stopped by Kevin Poulin without a rebound.
12:48 of 3rd period - Boone Jenner wins face-off versus T.J. Tynan in Punishers zone.
12:53 of 3rd period - Snap shot by Jesper Fast.
12:53 of 3rd period - Shot Misses the Net.
12:55 of 3rd period - Slapshot by Tyson Barrie.
12:55 of 3rd period - Shot Misses the Net.
13:47 of 3rd period - Ryan Malone is hit by Hugh Jessiman.
15:07 of 3rd period - Snap shot by Luke Adam.
15:07 of 3rd period - Stopped by Peter Delmas with a rebound.
15:33 of 3rd period - Slapshot by Jesse Joensuu.
15:33 of 3rd period - Shot Misses the Net.
15:41 of 3rd period - Minor Penalty to Conor Allen for Hooking.
15:42 of 3rd period - Sean Avery wins face-off versus Luke Adam in Little Stars zone.
17:28 of 3rd period - Alexander Vasyunov is hit by Mike Blunden and loses puck.
17:41 of 3rd period - Penalty to Conor Allen is over, Conor Allen is back on ice.
18:13 of 3rd period - Slapshot by Mathieu Roy.
18:13 of 3rd period - Stopped by Kevin Poulin with a rebound.
18:31 of 3rd period - Ryan Malone is hit by Alexander Vasyunov.
18:35 of 3rd period - Slapshot by Alexander Vasyunov.
18:35 of 3rd period - Shot Blocked by Matt Mackenzie.
19:09 of 3rd period - Tanner Glass is hit by Niklas Hjalmarsson.
19:27 of 3rd period - Icing by Yannick Weber.
19:28 of 3rd period - Boone Jenner wins face-off versus T.J. Tynan in Little Stars zone.
19:28 of 3rd period - Adam McQuaid is hit by T.J. Tynan and loses puck.
19:35 of 3rd period - Jesse Joensuu is hit by Frazer Mclaren and loses puck.
19:57 of 3rd period - Tanner Glass is hit by Alex Chiasson and loses puck.
Goals for this period are 2 for Little Stars vs 0 for Punishers.
Shots for this period are 13 for Little Stars vs 12 for Punishers.
Back to the Top